 Dungeon Crawl Stone Soup version 0.30-a0-643-g638baaf3f0 (webtiles) character file.

Game seed: 17891066922696755781

3087 Fenrisus the Protected (level 9, -2/78 HPs)
             Began as a Minotaur Fighter on Jan 16, 2023.
             Was a Priest of Okawaru.
             Slain by WienerDreamer's ghost (15 damage)
             ... on level 6 of the Dungeon.
             The game lasted 00:37:24 (6547 turns).

Fenrisus the Protected (Minotaur Fighter)           Turns: 6547, Time: 00:37:25

Health: -2/78      AC:  8    Str: 29    XL:     9   Next: 59%
Magic:  3/9        EV: 12    Int:  7    God:    Okawaru [***...]
Gold:   360        SH:  0    Dex: 15    Spells: 8/8 levels left

rFire   . . .      SeeInvis .    g - +3 flail of Ceonuedd {freeze, rPois Str+3 Int+2}
rCold   . . .      Faith    .    c - +0 buckler
rNeg    . . .      Spirit   .    b - +0 scale mail
rPois   +          Reflect  .    (helmet restricted)
rElec   .          Harm     .    (no cloak)
rCorr   .          Rampage  .    (no gloves)
Will    .....                    (no boots) Stlth
                                 (no amulet)
HPRegen 0.33/turn                i - +6 ring of dexterity
MPRegen 0.11/turn                (no ring)

@: confused, ambrosia-drunk
A: horns 2, retaliatory headbutt, wild magic 1
a: Renounce Religion, Heroism


You were on level 6 of the Dungeon.
You worshipped Okawaru.
Okawaru was most pleased with you.
You visited 2 branches of the dungeon, and saw 7 of its levels.
You also visited: Ossuary.

You collected 360 gold pieces.

Inventory:

Hand Weapons
 a - a +1 long sword
 g - the +3 flail of Ceonuedd (weapon) {freeze, rPois Str+3 Int+2}
   (You found it on level 4 of the Dungeon)

   Str:       It affects your strength (+3).
   Int:       It affects your intelligence (+2).
   rPois:     It protects you from poison.
Armour
 b - a +0 scale mail (worn)
 c - a +0 buckler (worn)
 q - a +3 leather armour of cold resistance
 r - a +0 troll leather armour
Jewellery
 i - a +6 ring of dexterity (left hand)
Wands
 l - a wand of digging (7)
 o - a wand of charming (12)
Scrolls
 e - a scroll of fog
 f - a scroll of enchant weapon
 h - 2 scrolls of magic mapping
 B - 5 scrolls of teleportation
Potions
 k - 2 potions of cancellation
 m - a potion of attraction
 u - a potion of invisibility {unknown}
 v - 2 potions of flight


   Skills:
 + Level 6.5 Fighting
 + Level 5.9 Long Blades
 + Level 8.2 Maces & Flails
 + Level 8.5 Armour
 + Level 4.3 Dodging
 + Level 1.5 Stealth
 + Level 6.7 Shields
 * Level 1.6 Invocations
 + Level 1.1 Evocations


You had 8 spell levels left.
You didn't know any spells.
Your spell library contained the following spells:

 Spells                   Type           Power      Damage    Failure   Level
 Magic Dart               Conj           0%         1d3       82%         1
 Sandblast                Erth           0%         2d4       82%         1
 Blink                    Tloc           0%         N/A       90%         2
 Lesser Beckoning         Tloc           0%         N/A       90%         2
 Momentum Strike          Conj/Tloc      0%         3d8       90%         2
 Passwall                 Tmut/Erth      0%         N/A       90%         2
 Scorch                   Fire           0%         2d5       90%         2
 Hailstorm                Conj/Ice       0%         3d3       99%         3
 Mephitic Cloud           Conj/Pois/Air  0%         N/A       99%         3
 Stone Arrow              Conj/Erth      0%         3d7       99%         3
 Flame Wave               Conj/Fire      0%         2d4       100%        4
 Ice Form                 Ice/Tmut       0%         N/A       100%        4
 Call Imp                 Summ           Unusable   N/A       N/A         2
 Simulacrum               Ice/Necr       Unusable   N/A       N/A         6
 Summon Cactus Giant      Summ           Unusable   N/A       N/A         6

Dungeon Overview and Level Annotations

Branches:
Dungeon (6/15)             Temple (1/1) D:5         Ossuary (visited)

Altars:
Ashenzari
Cheibriados
Dithmenos
Elyvilon
Fedhas
Hepliaklqana
Kikubaaqudgha
Makhleb
Okawaru
Qazlal
Ru
Sif Muna
Trog
Uskayaw
Vehumet
Wu Jian
Yredelemnul
The Shining One

Annotations:
D:6 WienerDreamer's ghost, novice FoFi


Innate Abilities, Weirdness & Mutations

You have a pair of horns on your head.
You reflexively headbutt those who attack you in melee.
Your spells are a little harder to cast, but a little more powerful.


Message History

You are more confused.
You feel more invigorated. WienerDreamer's ghost hits you.
You see here 5 stones.
You are too confused!
You are too confused!
You are too confused!
You are too confused!
You are too confused!
You closely miss WienerDreamer's ghost.
Your headbutt misses WienerDreamer's ghost.
WienerDreamer's ghost is lightly damaged.
WienerDreamer's ghost hits you!
You feel your power leaking away. WienerDreamer's ghost hits you!!
You feel your power leaking away.
You hit WienerDreamer's ghost but do no damage.
WienerDreamer's ghost is lightly damaged.
WienerDreamer's ghost hits you!
* * * LOW HITPOINT WARNING * * *
You feel your power leaking away. WienerDreamer's ghost hits you.
* * * LOW HITPOINT WARNING * * *
There is an open translucent gate here.
You sock WienerDreamer's ghost! You freeze WienerDreamer's ghost.
WienerDreamer's ghost is moderately damaged.
WienerDreamer's ghost ripples.
WienerDreamer's ghost hits you.
* * * LOW HITPOINT WARNING * * *
You feel your power leaking away.
You hit WienerDreamer's ghost but do no damage.
You headbutt WienerDreamer's ghost!
WienerDreamer's ghost is moderately damaged.
WienerDreamer's ghost hits you!
* * * LOW HITPOINT WARNING * * *
You feel your power leaking away.
You barely miss WienerDreamer's ghost.
Your headbutt misses WienerDreamer's ghost.
WienerDreamer's ghost is moderately damaged.
WienerDreamer's ghost hits you!
You die...

..#.# #.# #....##..#...#.#.##
....# #.# #.####..##...##.##
....####.####.####.#.....##.#
#....................######......
##..##############+### ###.###
##..# ####.# .# ....# ###....# #
#..... ##.#.#### # #... #...§@§$#
#.# # #.§§W§.)# ..# #..§§§§!# #.#
##§#§#### #.# ###....# # # ####.#
## #'## #. # #..#### #.
##....#########.


You could see WienerDreamer's ghost.

Vanquished Creatures
  Maggie (D:6)
  A troll (D:6)
  Menkaure (D:4)
  A water moccasin (D:6)
  A sky beast (D:6)
  2 hornet zombies (D:5)
  3 black bears
  4 ogres
  4 phantoms (D:5)
  A kobold brigand (D:6)
  A necrophage (D:5)
  2 scorpions
  A water moccasin zombie (D:6)
  A howler monkey (D:3)
  A centaur zombie (D:5)
  3 hounds (D:5)
  A bullfrog zombie (D:5)
  2 orc priests
  2 bullfrog skeletons (D:5)
  4 iguanas
  3 orc wizards
  A killer bee zombie (D:6)
  A hound zombie (D:5)
  5 mummies
  11 gnolls
  2 adders
  2 white imps (D:6)
  An ufetubus (D:6)
  2 worms
  3 dart slugs
  15 orcs
  9 endoplasms
  4 giant cockroaches
  7 goblins
  6 hobgoblins
  5 jackals
  27 kobolds
  3 quokkas
  4 ball pythons
  7 bats
  5 frilled lizards
  8 gnoll skeletons (Ossuary)
  4 gnoll zombies (Ossuary)
  2 goblin skeletons (Ossuary)
  2 goblin zombies (Ossuary)
  2 hobgoblin skeletons (Ossuary)
  6 hobgoblin zombies (Ossuary)
  8 kobold skeletons (Ossuary)
  4 kobold zombies
  An orc skeleton (Ossuary)
  6 orc zombies
  5 rats
  4 rat skeletons (Ossuary)
  5 rat zombies (Ossuary)
217 creatures vanquished.

Vanquished Creatures (others)
  16 plants (D:6)
16 creatures vanquished.

Grand Total: 233 creatures vanquished

Notes
Turn   | Place    | Note
-------+----------+-------------------------------------------
     0 | D:1      | Fenrisus the Minotaur Fighter began the quest for the Orb.
     0 | D:1      | Reached XP level 1. HP: 19/19 MP: 0/0
   162 | D:1      | Reached XP level 2. HP: 27/27 MP: 1/1
   623 | D:2      | Found a faded altar of an unknown god.
   688 | D:2      | Reached XP level 3. HP: 33/33 MP: 2/2
  1674 | D:3      | Found an iron altar of Okawaru.
  1684 | D:3      | Found a broken altar of Ashenzari.
  1688 | D:3      | Reached XP level 4. HP: 40/40 MP: 3/3
  1710 | D:3      | Became a worshipper of Warmaster Okawaru
  1801 | D:3      | Noticed Ijyb
  1804 | D:3      | Ijyb changed into Ijyb the swamp drake
  1804 | D:3      | Noticed Ijyb
  1806 | D:3      | Ijyb the swamp drake changed into Ijyb the bat
  1806 | D:3      | Noticed Ijyb
  1818 | D:3      | Killed Ijyb the bat
  2089 | D:3      | Noticed Sigmund
  2098 | D:3      | Sigmund changed into Sigmund the howler monkey
  2098 | D:3      | Noticed Sigmund
  2099 | D:3      | Killed Sigmund the howler monkey
  2100 | D:3      | Reached skill level 1 in Dodging
  2652 | D:4      | Reached XP level 5. HP: 27/46 MP: 4/4
  2996 | D:4      | Noticed Menkaure
  3031 | D:4      | Killed Menkaure
  3031 | D:4      | Reached * piety under Okawaru
  3032 | D:4      | Reached skill level 5 in Long Blades
  3032 | D:4      | Reached XP level 6. HP: 43/53 MP: 5/5
  3193 | D:4      | Identified the +3 flail of Ceonuedd {freeze, rPois Str+3
                  | Int+2}
  3289 | D:4      | Found a radiant altar of Vehumet.
  3351 | D:4      | Reached skill level 5 in Armour
  3351 | D:4      | Reached skill level 1 in Stealth
  3651 | D:4      | Found a blossoming altar of Fedhas.
  3859 | D:5      | Entered Level 5 of the Dungeon
  3866 | D:5      | Reached skill level 1 in Maces & Flails
  3887 | D:5      | Reached skill level 5 in Shields
  3887 | D:5      | Reached XP level 7. HP: 41/60 MP: 3/6
  3906 | D:5      | Reached skill level 1 in Invocations
  3989 | D:5      | Reached skill level 5 in Fighting
  4010 | D:5      | Found a sand-covered staircase.
  4016 | Ossuary  | Entered an ossuary
  4623 | D:5      | Reached skill level 5 in Maces & Flails
  4623 | D:5      | Reached XP level 8. HP: 65/68 MP: 6/8
  4705 | D:5      | Reached ** piety under Okawaru
  5320 | D:5      | Found a staircase to the Ecumenical Temple.
  5329 | Temple   | Entered the Ecumenical Temple
  5483 | D:5      | Found a shimmering blue altar of Sif Muna.
  5855 | D:6      | Reached XP level 9. HP: 58/75 MP: 9/9
  5974 | D:6      | Noticed Maggie
  5984 | D:6      | Killed Maggie
  5984 | D:6      | Reached *** piety under Okawaru
  6057 | D:6      | Noticed a troll
  6074 | D:6      | Killed a troll
  6075 | D:6      | Noticed Prince Ribbit
  6080 | D:6      | Prince Ribbit changed into Prince Ribbit the water moccasin
  6080 | D:6      | Noticed Prince Ribbit
  6087 | D:6      | Killed Prince Ribbit the water moccasin
  6103 | D:6      | Reached skill level 1 in Evocations
  6304 | D:6      | Found a hide-covered altar of Uskayaw.
  6354 | D:6      | Gained mutation: You possess an exceptional clarity of
                  | mind. [potion of mutation]
  6354 | D:6      | Gained mutation: You are weak. (Str -2) [potion of
                  | mutation]
  6355 | D:6      | Lost mutation: You are weak. (Str -2) [potion of mutation]
  6355 | D:6      | Lost mutation: You possess an exceptional clarity of mind.
                  | [potion of mutation]
  6355 | D:6      | Gained mutation: Your spells are a little harder to cast,
                  | but a little more powerful. [potion of mutation]
  6461 | D:6      | Found a stormy altar of Qazlal.
  6493 | D:6      | Found a runed translucent gate.
  6493 | D:6      | Found a runed translucent gate.
  6493 | D:6      | Found a runed translucent gate.
  6493 | D:6      | Noticed WienerDreamer's ghost (novice FoFi)
  6496 | D:6      | Found a basalt altar of Yredelemnul.
  6547 | D:6      | Slain by WienerDreamer's ghost

Illustrated notes

Levels and vault maps discovered:
D:1:      ncdulo_smallfort, layout_rooms
D:2:      layout_loops_corners, ebering_ecumenical_altar_sacrificial,
          wander_ebering_terrifying_dragon_lair
D:3:      layout_basic, grunt_temple_overflow_open, uniq_ijyb, uniq_sigmund
D:4:      layout_layer_cave, mainiacjoe_overflow_alcove_2, lemuel_tele_altar,
          uniq_menkaure
D:5:      layout_basic, mainiacjoe_overflow_six_doors_small,
          lemuel_temple_firewalk_b, serial_undead, serial_undead_c,
          serial_undead_e, serial_undead_e, serial_undead_d,
          nicolae_ossuary_entry_giza, kennysheep_dice
D:6:      kennysheep_kobold_camp, layout_loops_ring,
          mainiacjoe_overflow_tiny_flanked, nicolae_yredelemnul_ghost_church,
          nicolae_overflow_crystal_walls, minmay_chambers_of_fives, uniq_maggie,
          uniq_prince_ribbit1
Temple:   zaba_magenta_temple

Skill      XL: |  1  2  3  4  5  6  7  8  9 |
---------------+----------------------------+-----
Shields        | 4 5 6 |  6.7
Fighting       | 4 5 6 |  6.5
Long Blades    | 3 4 5 |  5.9
Armour         | 4 5 7 8 |  8.5
Dodging        | 1 2 3 4 |  4.3
Stealth        | 1 |  1.5
Maces & Flails | 2 5 7 8 |  8.2
Invocations    | 1 |  1.6
Evocations     | 1 |  1.1

Action                   |  1- 3 |  4- 6 |  7- 9 || total
-------------------------+-------+-------+-------++-------
Melee: Long sword        |    88 |    52 |       ||   140
       Headbutt          |    11 |    20 |    60 ||    91
       Flail             |       |    26 |   313 ||   339
Invok: Heroism           |       |     4 |     3 ||     7
Evoke: Wand              |       |     5 |     9 ||    14
  Use: Scroll            |     3 |     3 |    14 ||    20
       Potion            |       |     6 |    14 ||    20
Armor: Scale mail        |    45 |    25 |    86 ||   156
       Leather armour    |       |     5 |       ||     5
       Skin              |       |       |     5 ||     5
Dodge: Dodged            |    47 |    43 |   135 ||   225
Block: Buckler           |    19 |    25 |    84 ||   128

Table legend: (Time is in decaauts)
 A = Elapsed time spent in this place.
 B = Non-inter-level travel time spent in this place.
 C = Inter-level travel time spent in this place.
 D = Time resting spent in this place.
 E = Time spent auto-exploring this place.
 F = Levels seen in this place.
 G = Mean time per level.
                   A        B        C        D        E       F      G
               +--------+--------+--------+--------+--------+-----+--------+
         Total |   6629 |   2460 |   4169 |   1034 |      0 |   8 |  828.6 |
       Dungeon |   5990 |   1883 |   4107 |    855 |      0 |   6 |  998.3 |
        Temple |     63 |      1 |     62 |      0 |      0 |   1 |   63.0 |
       Ossuary |    575 |    575 |      0 |    179 |      0 |   1 |  575.0 |
               +--------+--------+--------+--------+--------+-----+--------+

Top non-repeatable levels by time:
     D:5: 1317 daAuts
     D:4: 1237 daAuts
     D:3: 1138 daAuts
     D:2: 984 daAuts
     D:6: 771 daAuts
 Ossuary: 575 daAuts
     D:1: 541 daAuts
  Temple: 63 daAuts
